 Dungeon Crawl Stone Soup version 0.27-a0-1595-g0b823d0a13 (webtiles) character file.

Game seed: 11897420729108330339

3591 MacCMillion the Destroyer (level 9, -4/78 HPs)
             Began as a Purple Draconian Venom Mage on July 19, 2021.
             Was a Follower of Qazlal.
             Slain by an orc warrior (14 damage)
             ... on level 8 of the Dungeon on July 20, 2021.
             The game lasted 01:20:52 (12885 turns).

MacCMillion the Destroyer (DrVM)                   Turns: 12885, Time: 01:20:53

Health: -4/78      AC: 10    Str: 11    XL:     9   Next: 85%
Magic:  4/12       EV: 13    Int: 19    God:    Qazlal [*.....]
Gold:   326        SH:  2    Dex: 11    Spells: 3/12 levels left

rFire    . . .     SeeInvis .   e - +0 dagger
rCold    . . .     Faith    .   (no shield)
rNeg     . . .     Spirit   .   (armour unavailable)
rPois    .         Reflect  .   (helmet restricted)
rElec    .         Harm     .   g - +0 cloak {Will+}
rCorr    .         Rampage  .   w - +1 pair of gloves
Will     ++...                  (no boots)
Stlth    ++........             (no amulet)
HPRegen  0.23/turn              (no ring)
MPRegen  0.13/turn              (no ring)

@: slowed, very slow
A: breathe power, AC +7, unfitting armour, cold-blooded
a: Breathe Dispelling Energy, Renounce Religion


You were on level 8 of the Dungeon.
You worshipped Qazlal.
Qazlal was aware of your devotion.
You visited 2 branches of the dungeon, and saw 9 of its levels.

You collected 424 gold pieces.
You spent 98 gold pieces at shops.

Inventory:

Hand Weapons
 e - a +0 dagger (weapon)
 h - a +0 morningstar
 q - a +1 dagger of freezing
 u - a +3 mace
 v - the +6 dagger "Fudust" {vorpal, rPois rN+ rCorr MP-9 SInv}
   (You found it on level 5 of the Dungeon)

   It inflicts extra damage upon your enemies.
   rPois:     It protects you from poison.
   rN:        It protects you from negative energy.
   MP:        It affects your magic capacity (-9).
   SInv:      It lets you see invisible.
   rCorr:     It protects you from acid and corrosion.
 G - a +4 scimitar
Missiles
 z - 8 curare-tipped darts
 F - a throwing net
Armour
 f - a +0 buckler
 g - a +0 cloak of willpower (worn)
 w - a +1 pair of gloves (worn)
Jewellery
 E - a ring of flight
Wands
 b - a wand of acid (8)
 t - a wand of mindburst (11)
 y - a wand of digging (3)
 A - a wand of flame (22)
 D - a wand of charming (5)
Scrolls
 c - a scroll of magic mapping
 i - a scroll of brand weapon
 k - 2 scrolls of teleportation
 n - 2 scrolls of fear {unknown}
 o - a scroll of vulnerability {unknown}
 p - a scroll of noise {unknown}
 r - a scroll of enchant armour
 B - a scroll of amnesia {unknown}
Potions
 a - 2 potions of flight
 d - 3 potions of heal wounds
 j - a potion of mutation
 l - a potion of haste
 m - a potion of attraction
 s - 2 potions of brilliance
 x - a potion of berserk rage
 C - a potion of curing {unknown}


   Skills:
 + Level 6.6 Fighting
 - Level 5.0 Dodging
 - Level 2.0 Stealth
 - Level 4.0 Shields
 - Level 2.4 Spellcasting
 + Level 8.5 Conjurations
 - Level 3.5 Hexes
 - Level 1.0 Transmutations
 - Level 3.0 Air Magic
 - Level 5.4 Poison Magic


You had 3 spell levels left.
You knew the following spells:

 Your Spells              Type           Power      Damage    Failure   Level
a - Sting                 Tmut/Pois      56%        1d5       4%          1
b - Magic Dart            Conj           100%       1d8       1%          1
c - Searing Ray           Conj           68%        3d5       1%          2
d - Poisonous Vapours     Pois/Air       36%        N/A       4%          2
e - Mephitic Cloud        Conj/Pois/Air  23%        N/A       4%          3

Your spell library contained the following spells:

 Spells                   Type           Power      Damage    Failure   Level
 Slow                     Hex            15%        N/A       6%          2
 Confusing Touch          Hex            15%        N/A       12%         3
 Vampiric Draining        Necr           1%         2d6       43%         3
 Fulminant Prism          Conj/Hex       12%        3d9       14%         4
 Olgreb's Toxic Radiance  Pois           23%        N/A       17%         4
 Hailstorm                Conj/Ice       18%        3d6       28%         4
 Ice Form                 Ice/Tmut       4%         N/A       78%         4
 Simulacrum               Ice/Necr       1%         N/A       100%        6


Dungeon Overview and Level Annotations

Branches:
Dungeon (8/15)             Temple (1/1) D:6
   Lair: D:8-11

Altars:
Ashenzari
Cheibriados
Dithmenos
Elyvilon
Fedhas
Gozag
Hepliaklqana
Kikubaaqudgha
Makhleb
Nemelex Xobeh
Okawaru
Qazlal
Ru
Sif Muna
Trog
Uskayaw
Vehumet
Wu Jian
Xom
Yredelemnul
Zin
The Shining One

Shops:
D:5 (   D:7 ?

Annotations:
D:3 Sigmund
D:4 exclusion: wight


Innate Abilities, Weirdness & Mutations

You can breathe bolts of dispelling energy.
Your rich purple scales are hard. (AC +7)
You cannot fit into any form of body armour.
You are cold-blooded and may be slowed by cold attacks.


Message History

Okay, then.
Casting: Mephitic Cloud (dangerous; 4% risk of failure)
Confirm with . or Enter, or press ? or * to list all spells.
Restarting spell: Searing Ray (safe; 1% risk of failure)
Press: ? - help, Shift-Dir - straight line, f - orc warrior
Aim: an orc warrior, wielding a +1 halberd of freezing and wearing a +0 plate armour (81% to hit)
The searing ray hits the killer bee!
You kill the killer bee!
Qazlal accepts your kill.
The searing ray hits the orc warrior!
The orc warrior is moderately wounded. (Press . to maintain the ray.)
You feel sick.
The searing ray hits the orc warrior!
The orc warrior is heavily wounded.
You feel sick. You block the orc warrior's attack.
The searing ray hits the orc warrior but does no damage.
The orc warrior is heavily wounded.
You feel sick.
The orc warrior hits you from afar with a +1 halberd of freezing!
The orc warrior freezes you.
An orc wizard comes into view. It is wielding a +0 dagger.
The searing ray hits the orc warrior!
The orc warrior is almost dead.
You finish channeling your searing ray.
You feel sick.
You are no longer poisoned.
A wight comes into view. It is wielding a +4 dagger.
The orc warrior hits you from afar with a +1 halberd of freezing.
You feel as though you will be slow longer.
The orc warrior freezes you.
The orc warrior hits you from afar with a +1 halberd of freezing.
You feel as though you will be slow longer.
The orc warrior freezes you.
The orc wizard moves out of view.
The orc warrior hits you from afar with a +1 halberd of freezing!!
* * * LOW HITPOINT WARNING * * *
You feel as though you will be slow longer.
The orc warrior freezes you.
* * * LOW HITPOINT WARNING * * *
The orc warrior hits you with a +1 halberd of freezing!
You die...

##..#
..##
#..## ###
#..#
#..## #
##..# ..#
#..# ..z
#..#
ZC##.#
#)#@#
#o.#
#.......#
###..####
....#
####


You could see an orc warrior.

Vanquished Creatures
  Pikel (D:6)
  Joseph (D:8)
  A wyvern (D:8)
  A steam dragon (D:8)
  A water moccasin (D:7)
  An orc warrior (D:7)
  An ice beast (D:6)
  A hornet zombie (D:6)
  2 centaurs
  2 ogres (D:5)
  A wolf (D:8)
  A phantom (D:5)
  A kobold brigand (D:8)
  A bullfrog (D:7)
  3 gnoll sergeants
  A scorpion (D:5)
  A wyvern skeleton (D:7)
  A water moccasin skeleton (D:6)
  A killer bee (D:8)
  5 wights
  A centaur zombie (D:5)
  6 hounds
  A gnoll shaman (D:7)
  3 orc priests
  A bullfrog skeleton (D:6)
  An iguana (D:5)
  8 orc wizards
  A howler monkey skeleton (D:7)
  25 gnolls
  6 adders
  A white imp (D:7)
  2 worms
  3 dart slugs
  27 orcs
  5 bats
  5 endoplasms
  4 giant cockroaches (D:4)
  6 goblins
  4 hobgoblins
  8 jackals
  2 kobolds
  6 quokkas
  5 ball pythons
  6 frilled lizards
  24 rats
189 creatures vanquished.

Notes
Turn   | Place    | Note
-------+----------+-------------------------------------------
     0 | D:1      | MacCMillion the Draconian Venom Mage began the quest for
                  | the Orb.
     0 | D:1      | Reached XP level 1. HP: 14/14 MP: 3/3
   209 | D:1      | Learned a level 1 spell: Magic Dart
   653 | D:1      | Reached XP level 2. HP: 20/20 MP: 3/5
  1177 | D:2      | Reached skill level 1 in Conjurations
  1200 | D:2      | Found a white marble altar of Elyvilon.
  1544 | D:2      | Reached XP level 3. HP: 26/26 MP: 3/6
  1940 | D:2      | Reached skill level 2 in Conjurations
  1940 | D:2      | Reached XP level 4. HP: 32/33 MP: 1/7
  2651 | D:3      | Noticed Sigmund
  2730 | D:3      | Reached XP level 5. HP: 38/38 MP: 6/8
  2810 | D:3      | Found a faded altar of an unknown god.
  2885 | D:3      | Reached skill level 5 in Poison Magic
  3718 | D:4      | Reached skill level 3 in Conjurations
  3773 | D:4      | Found a snail-covered altar of Cheibriados.
  4307 | D:4      | Found a glowing drain.
  4528 | D:5      | Entered Level 5 of the Dungeon
  4551 | D:5      | Reached XP level 6. HP: 35/45 MP: 3/9
  4554 | D:5      | Learned a level 2 spell: Searing Ray
  4557 | D:5      | Learned a level 2 spell: Poisonous Vapours
  4742 | D:5      | Reached skill level 4 in Conjurations
  5188 | D:5      | Found Nobraut's Weapon Shop.
  5192 | D:5      | Reached skill level 5 in Conjurations
  5305 | D:5      | Your scales start taking on a rich purple colour.
  5305 | D:5      | Reached XP level 7. HP: 50/50 MP: 0/10
  5461 | D:5      | You fall into a shaft and drop 3 floors!
  5637 | D:5      | Reached skill level 6 in Conjurations
  6054 | D:5      | Found a sparkling altar of Nemelex Xobeh.
  6224 | D:5      | Identified the +6 dagger "Fudust" {vorpal, rPois rN+ rCorr
                  | MP-9 SInv}
  6238 | D:5      | Upgraded the game from 0.27-a0-1591-gc56fcc985a to
                  | 0.27-a0-1595-g0b823d0a13
  6391 | D:5      | Reached skill level 7 in Conjurations
  6915 | D:6      | Reached skill level 1 in Hexes
  6915 | D:6      | Reached skill level 1 in Air Magic
  7157 | D:6      | Reached XP level 8. HP: 56/57 MP: 7/11
  7495 | D:6      | Found a staircase to the Ecumenical Temple.
  7593 | D:5      | Identified a scroll of acquirement
  7593 | D:5      | Acquired a +0 cloak of willpower
  7594 | D:5      | HP: 2/57 [hound (4)]
  7852 | D:6      | Learned a level 3 spell: Mephitic Cloud
  7980 | D:6      | Noticed Pikel
  8008 | D:6      | Killed Pikel
  8115 | Temple   | Entered the Ecumenical Temple
  8302 | Temple   | Became a worshipper of Qazlal Stormbringer
  9058 | D:7      | You fall into a shaft and drop 1 floor!
  9062 | D:8      | Noticed Joseph
  9511 | D:7      | Found Ren Ylouhod's Magic Scroll Shoppe.
  9514 | D:7      | Bought a scroll of teleportation for 42 gold pieces
  9514 | D:7      | Bought 2 scrolls of identify for 56 gold pieces
  9612 | D:7      | Reached XP level 9. HP: 58/70 MP: 6/12
 10852 | D:7      | Reached * piety under Qazlal
 11300 | D:8      | Reached skill level 5 in Fighting
 12106 | D:8      | Killed Joseph
 12107 | D:8      | Reached skill level 5 in Dodging
 12250 | D:8      | Reached skill level 8 in Conjurations
 12878 | D:8      | Noticed a cyclops
 12885 | D:8      | Slain by an orc warrior

Illustrated notes

Levels and vault maps discovered:
D:1:      grunt_arrival_crossed_arrows, layout_loops_ring
D:2:      layout_basic, basic_altar, minmay_rat_hole
D:3:      layout_basic, serial_forest, infiniplex_forest_zigzag_1,
          infiniplex_forest_zigzag_2, infiniplex_forest_fountain,
          infiniplex_forest_side_room, infiniplex_forest_clump_C,
          infiniplex_forest_straight_2, infiniplex_forest_clump_curved,
          ebering_ecumenical_altar_sacrificial, uniq_sigmund
D:4:      layout_rooms, overflow_temple_1_default, portal_sewer_entry_f,
          minmay_splitting_lines
D:5:      layout_basic, nemelex_xobeh_ov_fountains_minmay, serial_shops,
          nicolae_shop_crystal
D:6:      layout_basic, minmay_temple_entry_drinking_statues, uniq_pikel
D:7:      layout_gridville, serial_shops, nicolae_shop_trees,
          kennysheep_cross_room, minmay_crystal_water, minmay_statues_item
D:8:      layout_cave_pods, lair_entry_dummy, chequers_serial_rivers_large_b,
          nrook_campfire, minmay_pinched_square, uniq_grum, uniq_joseph
Temple:   regret_index_temple_chain_breaker

Skill      XL: |  1  2  3  4  5  6  7  8  9 |
---------------+----------------------------+-----
Stealth        | 2 |  2.0
Conjurations   | 1 2 3 5 7 8 |  8.5
Poison Magic   | 4 5 |  5.4
Hexes          | 2 3 |  3.5
Air Magic      | 2 3 |  3.0
Fighting       | 3 6 |  6.6
Dodging        | 3 5 |  5.0
Shields        | 3 4 |  4.0
Spellcasting   | |  2.4
Transmutations | |  1.0

Action                   |  1- 3 |  4- 6 |  7- 9 || total
-------------------------+-------+-------+-------++-------
Melee: Dagger            |    23 |    67 |    77 ||   167
       Club              |     1 |       |       ||     1
       Tailslap          |     1 |     8 |     7 ||    16
 Cast: Sting             |    58 |   115 |    50 ||   223
       Magic Dart        |       |     4 |     3 ||     7
       Searing Ray       |       |     6 |    52 ||    58
       Poisonous Vapours |       |     3 |    77 ||    80
       Mephitic Cloud    |       |       |     6 ||     6
Evoke: Wand              |       |       |     2 ||     2
  Use: Scroll            |       |       |     9 ||     9
       Potion            |       |       |     3 ||     3
 Stab: Sleeping          |     1 |     2 |       ||     3
       Confused          |       |       |     1 ||     1
Armor: Skin              |     3 |    45 |    88 ||   136
Dodge: Dodged            |    32 |    74 |   151 ||   257
Block: Other             |       |       |     4 ||     4

Table legend: (Time is in decaauts)
 A = Elapsed time spent in this place.
 B = Non-inter-level travel time spent in this place.
 C = Inter-level travel time spent in this place.
 D = Time resting spent in this place.
 E = Time spent auto-exploring this place.
 F = Levels seen in this place.
 G = Mean time per level.
                   A        B        C        D        E       F      G
               +--------+--------+--------+--------+--------+-----+--------+
         Total |  12913 |  12348 |    565 |   3284 |   6488 |   9 | 1434.8 |
       Dungeon |  12705 |  12196 |    509 |   3284 |   6343 |   8 | 1588.1 |
        Temple |    207 |    151 |     56 |      0 |    145 |   1 |  207.0 |
               +--------+--------+--------+--------+--------+-----+--------+

Top non-repeatable levels by time:
     D:5: 2621 daAuts
     D:8: 2057 daAuts
     D:6: 1843 daAuts
     D:7: 1646 daAuts
     D:2: 1415 daAuts
     D:3: 1193 daAuts
     D:1: 1056 daAuts
     D:4: 871 daAuts
  Temple: 207 daAuts
